 Dungeon Crawl Stone Soup version 0.31-a0-229-g1fc7ce93e2 (webtiles) character file.

Game seed: 15537311381334546720

1150 funkygono the Cleaver (level 8, -23/70 HPs)
             Began as a Minotaur Fighter on July 6, 2023.
             Annihilated by an ogre
             ... wielding a +0 giant club
              (24 damage)
             ... on level 5 of the Dungeon.
             The game lasted 00:05:32 (3273 turns).

funkygono the Cleaver (Minotaur Fighter)            Turns: 3273, Time: 00:05:33

Health: -23/70     AC: 15    Str: 23    XL:     8   Next: 15%
Magic:  0/7        EV:  8    Int:  5    God:
Gold:   1137       SH:  5    Dex: 10    Spells: 7/7 levels left

rFire   . . .        a - +0 war axe
rCold   . . .        c - +0 buckler
rNeg    . . .        i - +0 chain mail
rPois   .            (helmet restricted)
rElec   .            l - +1 cloak
rCorr   .            j - +0 pair of gloves
SInv    .            t - +0 pair of boots
Will    .....        f - amulet of guardian spirit Stlth
                     o - ring of ice
HPRegen 0.31/turn    q - ring of fire
MPRegen 0.10/turn

%: guardian spirit
@: no status effects
A: horns 2, retaliatory headbutt
a: no special abilities


You were on level 5 of the Dungeon.
You visited 1 branch of the dungeon, and saw 5 of its levels.

You collected 1137 gold pieces.

Inventory:

Hand Weapons
 a - a +0 war axe (weapon)
Missiles
 k - 45 stones (quivered)
Armour
 c - a +0 buckler (worn)
 i - a +0 chain mail (worn)
 j - a +0 pair of gloves (worn)
 l - a +1 cloak (worn)
 t - a +0 pair of boots (worn)
Magical Staves
 u - the staff of Frustration {rElec rF+ Earth}
   (You found it on level 4 of the Dungeon)

   [staff of earth]

   Base accuracy: +5 Base damage: 5 Base attack delay: 1.2 This weapon's minimum
   attack delay (0.6) is reached at skill level 12.
   rF:        It protects you from fire.
   rElec:     It insulates you from electricity.
   Earth:     It increases the power of your Earth spells.
   It falls into the 'Staves' category.
   It is a one-handed weapon.
Jewellery
 f - an amulet of guardian spirit (around neck)
 o - a ring of ice (left hand)
 q - a ring of fire (right hand)
Wands
 n - a wand of polymorph (9)
Scrolls
 b - a scroll of revelation
Potions
 e - a potion of heal wounds {unknown}
 g - 3 potions of curing
 h - 3 potions of brilliance
 p - 2 potions of attraction {unknown}
 r - a potion of mutation {unknown}
 s - a potion of enlightenment {unknown}


   Skills:
 + Level 5.8 Fighting
 + Level 8.4 Axes
 + Level 6.3 Armour
 + Level 1.5 Dodging
 + Level 0.9 Stealth
 + Level 5.1 Shields


You had 7 spell levels left.
You didn't know any spells.
Your spell library contained the following spells:

 Spells                   Type           Power      Damage    Failure   Level
 Magic Dart               Conj           0%         1d3       98%         1
 Searing Ray              Conj           0%         2d4       99%         2
 Static Discharge         Conj/Air       0%         2-2/arc   99%         2
 Airstrike                Air            0%         2d(0-16)  100%        4
 Fulminant Prism          Conj/Hex       0%         3d5       100%        4
 Summon Lightning Spire   Summ/Air       0%         N/A       100%        4


Dungeon Overview and Level Annotations

Branches:
Dungeon (5/15)
 Temple: D:4-7

Altars:
Hepliaklqana
Nemelex Xobeh
Xom


Innate Abilities, Weirdness & Mutations

You have a pair of horns on your head.
You reflexively headbutt those who attack you in melee.


Message History

It is a scroll of enchant armour.
Your +0 cloak glows green for a moment.
(D) Dungeon
Where to? (Enter - D:4 @ (x,y), ? - help)
What level of the Dungeon? (default 1, ? - help)
There is a stone staircase leading down here.
You climb downwards.
Found a stone staircase leading up.
There is a stone staircase leading up here.
An ice beast comes into view.
Found a shimmering altar of Xom.
You barely miss the ice beast. The ice beast hits you.
The ice beast freezes you!
You slash the ice beast!
The ice beast is heavily wounded.
The ice beast hits you but does no damage.
You barely miss the ice beast.
The ice beast is heavily wounded.
The ice beast hits you but does no damage.
You slash the ice beast! You headbutt the ice beast.
You kill the ice beast!
Magic restored.
An ogre comes into view. It is wielding a +0 giant club.
The ogre shouts!
The ogre hits you with a +0 giant club!!
You hit the ogre.
The ogre is lightly wounded.
The ogre hits you with a +0 giant club!!
* * * LOW HITPOINT WARNING * * *
You slash the ogre!
The ogre is heavily wounded.
You barely miss the ogre. You headbutt the ogre!
The ogre is almost dead.
The ogre hits you with a +0 giant club!
* * * LOW HITPOINT WARNING * * *
You hit the ogre but do no damage.
You headbutt the ogre, but do no damage.
The ogre is almost dead.
The ogre hits you with a +0 giant club!!
You die...

### .. ... ##.##
### ...###...##..
###.......#..
#...........
..........O#
..........@#
#.........##...
#............# .
##......###.## ^.
#........### .###
♣..#..........# .#.
..#⌠..........##...
^^_#....#.........
≈. #....##....#..##


You could see an ogre.

Vanquished Creatures
  Sigmund (D:2)
  The ghost of protoss039 the Digger, an amateur DsEE (D:4)
  A black bear (D:4)
  An ice beast (D:5)
  A phantom (D:4)
  2 scorpions (D:4)
  A hound (D:4)
  A jelly (D:4)
  A bullfrog zombie (D:4)
  A bullfrog skeleton (D:4)
  A centaur skeleton (D:4)
  3 iguanas (D:4)
  An orc wizard (D:3)
  Robin (D:4)
  7 gnolls
  6 adders
  An ufetubus (D:4)
  A worm (D:3)
  A dart slug (D:2)
  11 orcs
  9 endoplasms
  4 giant cockroaches
  18 goblins
  7 hobgoblins
  2 jackals (D:1)
  4 kobolds
  5 quokkas
  10 ball pythons
  2 bats
  4 frilled lizards
  4 rats
113 creatures vanquished.

Notes
Turn   | Place    | Note
-------+----------+-------------------------------------------
     0 | D:1      | funkygono the Minotaur Fighter began the quest for the Orb.
     0 | D:1      | Reached XP level 1. HP: 19/19 MP: 0/0
   144 | D:1      | Reached XP level 2. HP: 27/27 MP: 1/1
   644 | D:1      | Identified a scroll of acquirement
   644 | D:1      | Acquired 750 gold pieces
   706 | D:2      | Reached XP level 3. HP: 33/33 MP: 2/2
   873 | D:2      | Noticed Sigmund
   894 | D:2      | Killed Sigmund
   895 | D:2      | Reached skill level 4 in Axes
   895 | D:2      | Reached XP level 4. HP: 24/41 MP: 3/3
   895 | D:2      | Reached XP level 5. HP: 27/47 MP: 4/4
  1067 | D:2      | You fall into a shaft and drop 1 floor!
  1229 | D:3      | Reached skill level 5 in Axes
  1433 | D:3      | Reached XP level 6. HP: 30/53 MP: 5/5
  1913 | D:4      | Noticed protoss039's ghost (amateur DsEE)
  1914 | D:4      | Found a transporter.
  1916 | D:4      | Found a transporter.
  1943 | D:4      | Reached skill level 5 in Armour
  2074 | D:4      | Found a hazy altar of Hepliaklqana.
  2177 | D:4      | Noticed Robin
  2193 | D:4      | Reached skill level 6 in Axes
  2194 | D:4      | Killed Robin
  2234 | D:4      | Found a sparkling altar of Nemelex Xobeh.
  2427 | D:4      | Reached skill level 5 in Fighting
  2559 | D:4      | Reached XP level 7. HP: 61/61 MP: 6/6
  2735 | D:4      | Reached skill level 7 in Axes
  2770 | D:4      | Reached skill level 1 in Dodging
  2793 | D:4      | Identified the staff of Frustration {rElec rF+ Earth}
  3040 | D:4      | Killed protoss039's ghost
  3041 | D:4      | Reached skill level 5 in Shields
  3044 | D:4      | Reached skill level 8 in Axes
  3044 | D:4      | Reached XP level 8. HP: 36/70 MP: 5/7
  3231 | D:5      | Entered Level 5 of the Dungeon
  3245 | D:5      | Found a shimmering altar of Xom.
  3272 | D:5      | HP: 1/70 [ogre/+0 giant club (15)]
  3273 | D:5      | Annihilated by an ogre

Illustrated notes

Levels and vault maps discovered:
D:1:      elethiomel_arrival_shortcut, layout_basic, minmay_gold_behind_fungi,
          nrook_mini_vaults
D:2:      layout_rooms, grunt_ministairs_9, uniq_sigmund
D:3:      layout_rooms, minivault_26
D:4:      minmay_octagon_keep, layout_loops_ring, mainiacjoe_overflow_paths,
          mainiacjoe_overflow_six_doors_small, gammafunk_ghost_mausoleum,
          uniq_robin
D:5:      layout_cave_pools, grunt_temple_overflow_magic_moments,
          xom_redecorated, mainiacjoe_overflow_large_starburst,
          serial_column_ruins, column_ruins_grid_1,
          column_ruins_columns_dead_end, column_ruins_columns_dead_end,
          column_ruins_grid_1, column_ruins_columns_corner

Skill      XL: |  1  2  3  4  5  6  7 |
---------------+----------------------+-----
Fighting       | 4 5 |  5.8
Armour         | 4 5 6 |  6.3
Shields        | 4 5 |  5.1
Axes           | 4 5 6 8 |  8.4
Dodging        | 1 |  1.5
Stealth        | |  0.9

Action                     |  1- 3 |  4- 6 |  7- 9 || total
---------------------------+-------+-------+-------++-------
  Melee: War axe           |    73 |   125 |    62 ||   260
         Headbutt          |    11 |    24 |    11 ||    46
    Use: Scroll            |     2 |     3 |     2 ||     7
         Potion            |       |       |     1 ||     1
 Armour: Scale mail        |     8 |       |       ||     8
         Chain mail        |    32 |    91 |    50 ||   173
  Dodge: Dodged            |    31 |    61 |    23 ||   115
  Block: Buckler           |    24 |    20 |    15 ||    59

Table legend: (Time is in decaauts)
 A = Elapsed time spent in this place.
 B = Non-inter-level travel time spent in this place.
 C = Inter-level travel time spent in this place.
 D = Time resting spent in this place.
 E = Time spent auto-exploring this place.
 F = Levels seen in this place.
 G = Mean time per level.
                   A        B        C        D        E       F      G
               +--------+--------+--------+--------+--------+-----+--------+
         Total |   3340 |   3224 |    116 |     79 |   2281 |   5 |  668.0 |
       Dungeon |   3340 |   3224 |    116 |     79 |   2281 |   5 |  668.0 |
               +--------+--------+--------+--------+--------+-----+--------+

Top non-repeatable levels by time:
     D:4: 1358 daAuts
     D:3: 688 daAuts
     D:1: 682 daAuts
     D:2: 567 daAuts
     D:5: 42 daAuts
